 Dungeon Crawl Stone Soup version 0.28.0-45-g0d030f2227 (webtiles) character file.

Game seed: 15540337730691554928

781 Kziril the Covered (level 7, -1/44 HPs)
             Began as a Gargoyle Fighter on Apr 21, 2022.
             Slain by a gnoll
             ... wielding a +0 flail
              (8 damage)
             ... on level 4 of the Dungeon.
             The game lasted 00:07:24 (4572 turns).

Kziril the Covered (Gargoyle Fighter)               Turns: 4572, Time: 00:07:26

Health: -1/44      AC: 20    Str: 19    XL:     7   Next: 85%
Magic:  7/7        EV:  9    Int:  9    God:
Gold:   223        SH:  5    Dex: 14    Spells: 6/6 levels left

rFire   + . .      SeeInvis .   a - +0 flail
rCold   . . .      Faith    .   c - +0 buckler
rNeg    + . .      Spirit   .   b - +0 scale mail
rPois   ∞          Reflect  .   (no helmet)
rElec   +          Harm     .   (no cloak)
rCorr   .          Rampage  .   (no gloves)
Will    .....                   (no boots)
Stlth   ..........              (no amulet)
HPRegen 0.14/turn               m - ring "Sayr" {rF+ Dex+3}
MPRegen 0.10/turn               p - ring of the Tortoise {AC+8}

@: no status effects
A: sickness immunity, AC +4, negative energy resistance 1, electricity
resistance, torment resistance 1, petrification resistance
a: no special abilities


You were on level 4 of the Dungeon.
You visited 1 branch of the dungeon, and saw 6 of its levels.

You collected 223 gold pieces.

Inventory:

Hand Weapons
 a - a +0 flail (weapon)
Armour
 b - a +0 scale mail (worn)
 c - a +0 buckler (worn)
Jewellery
 j - a ring of positive energy
 m - the ring "Sayr" (left hand) {rF+ Dex+3}
   (You found it on level 2 of the Dungeon)

   [ring of protection from fire]

   Dex:       It affects your dexterity (+3).
   rF:        It protects you from fire.
 p - the ring of the Tortoise (right hand) {AC+8}
   (You found it on level 3 of the Dungeon)

   [ring of protection]

   AC:        It affects your AC (+8).
 t - a ring of resist corrosion
 u - a ring of fire
Wands
 q - a wand of acid (5)
 r - a wand of polymorph (10)
Scrolls
 h - a scroll of teleportation {unknown}
 i - 5 scrolls of vulnerability {unknown}
 k - a scroll of identify {unknown}
 l - a scroll of torment {unknown}
 n - a scroll of immolation {unknown}
 o - a scroll of magic mapping {unknown}
 s - a scroll of blinking {unknown}
 v - a scroll of amnesia {unknown}
 w - a scroll of fear {unknown}
Potions
 d - a potion of might
 e - 3 potions of flight {unknown}
 f - a potion of haste {unknown}
 g - a potion of invisibility {unknown}


   Skills:
 + Level 5.6 Fighting
 + Level 4.5 Maces & Flails
 + Level 5.7 Armour
 + Level 5.6 Shields


You had 6 spell levels left.
You didn't know any spells.
Your spell library contained the following spells:

 Spells                   Type           Power      Damage    Failure   Level
 Foxfire                  Conj/Fire      0%         2x1d4     82%         1
 Summon Small Mammal      Summ           0%         N/A       82%         1
 Call Canine Familiar     Summ           0%         N/A       99%         3
 Conjure Flame            Conj/Fire      0%         6-21      99%         3
 Inner Flame              Hex/Fire       0%         N/A       99%         3
 Summon Guardian Golem    Hex/Summ       0%         N/A       99%         3
 Flame Wave               Conj/Fire      0%         2d4       100%        4


Dungeon Overview and Level Annotations

Branches:
Dungeon (6/15)
 Temple: D:4-7

Altars:

Shops:
D:5 *[

Annotations:
D:3 2 transporters


Innate Abilities, Weirdness & Mutations

You are immune to sickness and miasma.
Your stone body is resilient. (AC +4)
You are immune to poison.
You resist negative energy. (rN+)
You are resistant to electric shocks. (rElec)
You are resistant to unholy torment.
You are immune to petrification.


Message History

The gnoll closely misses you.
The jackal bites you but does no damage.
The gnoll shaman calls upon its god to heal the gnoll.
The gnoll's wounds heal themselves!
The gnoll shaman calls upon its god to speed up the gnoll.
The gnoll seems to speed up.
The jackal bites you but does no damage.
The jackal bites you.
* * * LOW HITPOINT WARNING * * *
The gnoll shaman calls upon its god to heal the gnoll.
The gnoll's wounds heal themselves!
The jackal bites you but does no damage.
Found a stone staircase leading down.
The gnoll hits you with a +0 flail.
* * * LOW HITPOINT WARNING * * *
The gnoll hits you but does no damage. The jackal barely misses you.
The jackal closely misses you.
The gnoll shaman calls upon its god to speed up the gnoll.
The gnoll seems to speed up.
You block the jackal's attack. The gnoll hits you but does no damage.
The gnoll hits you but does no damage. The jackal barely misses you.
You block the gnoll's attack. The gnoll hits you but does no damage.
The gnoll closely misses you.
There is a stone staircase leading up here.
You block the gnoll's attack. The gnoll hits you but does no damage.
You climb upwards.
There is a stone staircase leading down here.
The gnoll hits you with a +0 flail.
* * * LOW HITPOINT WARNING * * *
The gnoll barely misses you. You block the gnoll's attack.
The gnoll hits you with a +0 flail.
* * * LOW HITPOINT WARNING * * *
Unknown command.
The gnoll hits you but does no damage. The gnoll hits you with a +0 flail!
You die...

#.####### #......#
#......# #......#
#############......#
#..................#
#.############.....#
###'#.......####.....##
#.....@gg#..##.........
#.[......#>............
#........#.......######
#........#.......#
#........#.......#
#........##......######
###.####........##.....
#.# #.##.###.##.####
#.# #.#....#.##.#


You could see 2 gnolls.

Vanquished Creatures
  A black bear (D:5)
  An ogre (D:4)
  3 phantoms
  A scorpion (D:2)
  2 bullfrog zombies (D:5)
  A jelly (D:5)
  A hound (D:5)
  A bullfrog skeleton (D:5)
  An iguana (D:4)
  2 gnolls (D:5)
  4 adders
  3 adder skeletons
  2 worms
  2 dart slugs
  An orc (D:3)
  5 bats
  4 endoplasms
  5 giant cockroaches
  10 goblins
  9 hobgoblins
  A jackal (D:5)
  3 kobolds
  2 quokkas
  9 ball pythons
  4 frilled lizards
  7 rats
85 creatures vanquished.

Notes
Turn   | Place    | Note
-------+----------+-------------------------------------------
     0 | D:1      | Kziril the Gargoyle Fighter began the quest for the Orb.
     0 | D:1      | Reached XP level 1. HP: 14/14 MP: 1/1
   429 | D:1      | Reached XP level 2. HP: 14/19 MP: 2/2
   430 | D:1      | Found a faded altar of an unknown god.
  1033 | D:1      | Reached XP level 3. HP: 23/23 MP: 3/3
  1290 | D:2      | Identified the ring "Sayr" {rF+ Dex+3}
  1860 | D:2      | Reached XP level 4. HP: 29/29 MP: 4/4
  1948 | D:2      | Noticed a scorpion
  1966 | D:2      | Killed a scorpion
  1967 | D:2      | Reached XP level 5. HP: 20/33 MP: 5/5
  2110 | D:3      | Noticed a phantom
  2145 | D:3      | Killed a phantom
  2679 | D:3      | Found a transporter.
  2747 | D:3      | Found a transporter.
  2784 | D:3      | Found the ring of the Tortoise {AC+8}
  3279 | D:4      | Reached XP level 6. HP: 35/39 MP: 6/6
  3282 | D:5      | Entered Level 5 of the Dungeon
  3343 | D:5      | Found Piffio's General Store.
  4102 | D:5      | Reached skill level 5 in Armour
  4102 | D:5      | Reached skill level 5 in Shields
  4128 | D:5      | Reached skill level 5 in Fighting
  4128 | D:5      | Reached XP level 7. HP: 39/44 MP: 7/7
  4212 | D:5      | Identified the +1 robe of Nylirchenk {Dex+4 Archmagi}
  4330 | D:5      | Found Ocinirr's Armour Shoppe.
  4572 | D:4      | Slain by a gnoll

Illustrated notes

Levels and vault maps discovered:
D:1:      dpeg_arrival_concentric_ovals, layout_basic,
          ebering_ecumenical_altar_webs, st_stairs_4
D:2:      minmay_skewed_foursquare, layout_rooms, grunt_decor_fettered
D:3:      gammafunk_steamed_eel, layout_basic, grunt_decor_resistance,
          kennysheep_generic_room_4
D:4:      layout_basic, nicolae_concentric_dashed_squares_mild,
          serial_park_tiny_pond, nicolae_figureground_pulse
D:5:      layout_cave_pools, serial_gnoll_camp, gnoll_camp_mini_basic,
          gnoll_camp_mini_hut, gnoll_camp_mini_loothouse, gnoll_camp_mini_shop,
          gnoll_camp_mini_hut, serial_shops, shop,
          nicolae_shop_advertising_works [nicolae_subvault_shop_adworks],
          nicolae_shop_crystal, nicolae_shop_trees
D:6:      layout_loops_ring, minmay_temple_entry_junction, st_stairs_14,
          kennysheep_generic_room_10, uniq_blork_the_orc,
          uniq_crazy_yiuf_cottage, uniq_edmund, uniq_sigmund

Skill      XL: |  1  2  3  4  5  6 |
---------------+-------------------+-----
Fighting       | 4 5 |  5.6
Maces & Flails | 3 4 |  4.5
Armour         | 4 5 |  5.7
Shields        | 4 5 |  5.6

Action                   |  1- 3 |  4- 6 |  7- 9 || total
-------------------------+-------+-------+-------++-------
Melee: Flail             |   111 |   151 |    73 ||   335
Armor: Scale mail        |    55 |    71 |    59 ||   185
Dodge: Dodged            |    39 |    61 |    42 ||   142
Block: Buckler           |    31 |    39 |    28 ||    98
